Oilers vs Sharks

Created - February 12 2012 at 14:25

Goals
1 2 3 OT1 T
Oilers 0 0 4 1 5
Sharks 1 1 2 0 4
Shots
1 2 3 OT1 T
Oilers 7 12 17 3 39
Sharks 5 12 10 0 27

Period #1

1. Sharks , Bryan McCabe 8 (Andrew Ference, Johan Franzen) at 0:32

Penalties :
Ryan Malone (SJS) for Roughing (Minor) at 0:37, Steve Sullivan (EDM) for Interference (Minor) at 1:04, Ryan Malone (SJS) for Slashing (Minor) at 5:19, Derek Roy (EDM) for High sticking (Minor) at 6:15, Radek Dvorak (EDM) for Slashing (Minor) at 8:17, Michal Handzus (EDM) for Slashing (Minor) at 8:32, Vladimir Sobotka (SJS) for Hooking (Minor) at 13:16, Brent Sopel (EDM) for Interference (Minor) at 13:16, Matt Niskanen (SJS) for Cross-checking (Minor) at 18:38

Period #2

2. Sharks , Mike Ribeiro 16 (Shane Doan, Alex Tanguay) at 18:28 (PP)

Penalties :
Vladimir Sobotka (SJS) for Hooking (Minor) at 5:37, Marc Savard (SJS) for Tripping (Minor) at 8:26, Scott Nichol (EDM) for Tripping (Minor) at 17:47, Bryan McCabe (SJS) for High sticking (Minor) at 18:41

Period #3

3. Oilers , Fernando Pisani 9 (Adam Burish, Adrian Aucoin) at 1:23
4. Sharks , Alex Tanguay 18 (Andrew Ference, Johan Franzen) at 1:53
5. Oilers , Adrian Aucoin 10 (Chris Phillips) at 7:09
6. Oilers , Dany Heatley 36 (Chris Phillips, Andrew Ladd) at 7:23
7. Sharks , Alex Tanguay 19 (Bryan McCabe, Johan Franzen) at 7:58
8. Oilers , Karlis Skrastins 5 (Adrian Aucoin, Derek Roy) at 10:54 (PP)

Penalties :
Derek Roy (EDM) for Roughing (Minor) at 2:19, Vladimir Sobotka (SJS) for Roughing (Double Minor) at 8:20, Ryan Malone (SJS) for Holding Stick (Minor) at 12:08, Mark Stuart (SJS) for Hooking (Minor) at 16:38, Ryan Malone (SJS) for Roughing (Minor) at 19:48

Overtime #1

9. Oilers , Stephen Weiss 29 (Dany Heatley, Chris Phillips) at 1:30 (PP)

Penalties :
No Penalty

Goalie Stats

Kari Lehtonen (EDM), 23 saves from 27 shots - (0.852), W, 22-19-6, 61:31 minutes
Brian Elliott (SJS), 34 saves from 39 shots - (0.872), OTL, 11-16-2, 61:31 minutes

Players Stats

Oilers
Player Name              G  A  P  +/- PIM S  H  SB FO    MP 
------------------------------------------------------------
Adam Burish              0  1  1   1  0   2  0  0  1/2   9  
Adrian Aucoin            1  2  3   1  0   5  5  0  0/0   22 
Andrew Ladd              0  1  1   0  0   3  1  1  0/1   22 
Brent Sopel              0  0  0  -1  2   2  2  2  0/0   18 
Chris Phillips           0  3  3   1  0   2  0  0  0/0   26 
Dany Heatley             1  1  2   0  0   4  2  0  0/3   21 
Derek Roy                0  1  1   0  4   5  1  0  6/30  15 
Fernando Pisani          1  0  1   1  0   2  0  0  0/0   6  
Jochen Hecht             0  0  0   0  0   1  2  2  1/2   16 
Karlis Skrastins         1  0  1   0  0   1  0  2  0/0   18 
Michal Handzus           0  0  0  -1  2   3  0  0  8/20  17 
Radek Dvorak             0  0  0  -1  2   0  0  0  0/1   13 
Roman Hamrlik            0  0  0   0  0   2  1  1  0/0   24 
Scott Hannan             0  0  0  -1  0   0  0  1  0/0   13 
Scott Nichol             0  0  0   1  2   0  2  0  6/12  8  
Stephen Weiss            1  0  1   0  0   5  0  0  17/31 22 
Steve Sullivan           0  0  0  -1  2   2  0  0  1/3   22 
Todd Marchant            0  0  0   0  0   0  0  0  0/0   2  
Sharks
Player Name              G  A  P  +/- PIM S  H  SB FO    MP 
------------------------------------------------------------
Alex Tanguay             2  1  3   1  0   7  0  0  1/1   17 
Andrew Ference           0  2  2   2  0   0  1  1  0/0   24 
Bryan McCabe             1  1  2   2  2   1  2  1  0/0   21 
David Moss               0  0  0  -1  0   0  1  1  1/1   12 
Eric Belanger            0  0  0   0  0   4  1  0  20/29 19 
Francois Beauchemin      0  0  0  -1  0   0  1  2  0/0   24 
Jason Arnott             0  0  0   2  0   2  1  0  14/22 16 
Johan Franzen            0  3  3   2  0   0  1  2  2/3   16 
Johnny Boychuk           0  0  0  -2  0   0  0  2  0/0   24 
Lauri Korpikoski         0  0  0   0  0   1  0  1  2/2   16 
Marc Savard              0  0  0  -1  2   1  0  0  7/14  10 
Mark Stuart              0  0  0   0  2   0  1  1  0/0   16 
Matt Niskanen            0  0  0  -1  2   0  1  0  0/0   10 
Mike Ribeiro             1  0  1  -1  0   2  0  0  16/30 19 
Rene Bourque             0  0  0   0  0   0  0  0  0/0   0  
Ryan Malone              0  0  0   0  8   1  1  0  0/1   11 
Shane Doan               0  1  1  -1  0   4  4  1  2/2   19 
Vladimir Sobotka         0  0  0  -1  8   4  0  0  0/0   11 

3 Stars

1 - Adrian Aucoin (EDM)
2 - Alex Tanguay (SJS)
3 - Johan Franzen (SJS)

Power Play

Oilers - 2 on 11 Attempt(s) - 18.18%
Sharks - 1 on 6 Attempt(s) - 16.67%

Penalty Kill

Oilers - 5 on 6 Attempt(s) - 83.33% - Score 0 goal in Penalty Kill
Sharks - 9 on 11 Attempt(s) - 81.82% - Score 0 goal in Penalty Kill

Game Notes

Rene Bourque is injured at 0:02 of 1st period (Strained Right Knee)

Finance

Level 1 -- Attendance: 4688 (72.12%) -- Ticket Income $468,800.00
Level 2 -- Attendance: 3411 (68.22%) -- Ticket Income $204,660.00
Level 3 -- Attendance: 2450 (70.00%) -- Ticket Income $85,750.00
Level 4 -- Attendance: 1496 (100.00%) -- Ticket Income $29,920.00
Luxury Box -- Attendance: 711 (71.10%) -- Ticket Income $142,200.00
Game was played at the HP Pavilion center
Total Attendance: 12756 (72.91%)
Total Ticket Income: $1,019,656.00
Other Income: $218,323.20
Total Income: $1,237,979.00


Play by Play

Period #1

0:01 of 1st period - Shane Doan wins face-off versus Stephen Weiss in neutral zone.
0:01 of 1st period - Rene Bourque is hit by Dany Heatley and loses puck.
0:02 of 1st period - Rene Bourque from Sharks is injured at 0:02 of 1st period (Strained Right Knee).
0:03 of 1st period - Stephen Weiss wins face-off versus Mike Ribeiro in neutral zone.
0:06 of 1st period - Shot by Andrew Ladd.
0:06 of 1st period - Shot Blocked by Francois Beauchemin.
0:20 of 1st period - Roman Hamrlik is hit by Shane Doan and loses puck.
0:24 of 1st period - Icing by Roman Hamrlik.
0:25 of 1st period - Jason Arnott wins face-off versus Andrew Ladd in Oilers zone.
0:26 of 1st period - Shot by Johan Franzen.
0:26 of 1st period - Shot Misses the Net.
0:28 of 1st period - Shot by Alex Tanguay.
0:28 of 1st period - Deflect By Johan Franzen.
0:28 of 1st period - Shot Misses the Net.
0:30 of 1st period - Shot by Andrew Ference.
0:30 of 1st period - Shot Blocked by Roman Hamrlik.
0:32 of 1st period - Shot by Bryan McCabe.
0:32 of 1st period - Goal by Bryan McCabe - Oilers : 0 - Sharks : 1.
0:33 of 1st period - Eric Belanger wins face-off versus Derek Roy in neutral zone.
0:36 of 1st period - Shot by Francois Beauchemin.
0:36 of 1st period - Shot Blocked by Jochen Hecht.
0:37 of 1st period - Minor Penalty to Ryan Malone for Roughing.
0:38 of 1st period - Lauri Korpikoski wins face-off versus Derek Roy in Sharks zone.
1:04 of 1st period - Minor Penalty to Steve Sullivan for Interference.
1:05 of 1st period - Stephen Weiss wins face-off versus Mike Ribeiro in Oilers zone.
1:22 of 1st period - Shot by Stephen Weiss.
1:22 of 1st period - Stopped by Brian Elliott with a rebound.
1:24 of 1st period - Shot by Stephen Weiss.
1:24 of 1st period - Stopped by Brian Elliott without a rebound.
1:25 of 1st period - Jason Arnott wins face-off versus Derek Roy in Sharks zone.
1:25 of 1st period - Jason Arnott is hit by Andrew Ladd.
1:39 of 1st period - Shot by Jason Arnott.
1:39 of 1st period - Shot Blocked by Karlis Skrastins.
1:43 of 1st period - Shot by Jason Arnott.
1:43 of 1st period - Stopped by Kari Lehtonen without a rebound.
1:44 of 1st period - Stephen Weiss wins face-off versus Mike Ribeiro in Oilers zone.
2:14 of 1st period - Off-side.
2:15 of 1st period - Derek Roy wins face-off versus Jason Arnott in neutral zone.
2:18 of 1st period - Jason Arnott is hit by Adrian Aucoin and loses puck.
3:03 of 1st period - Shot by Johnny Boychuk.
3:03 of 1st period - Shot Misses the Net.
3:06 of 1st period - Icing by Scott Hannan.
3:07 of 1st period - Eric Belanger wins face-off versus Steve Sullivan in Oilers zone.
3:12 of 1st period - Shot by Eric Belanger.
3:12 of 1st period - Shot Blocked by Scott Hannan.
3:22 of 1st period - Icing by Brent Sopel.
3:23 of 1st period - Jason Arnott wins face-off versus Radek Dvorak in Oilers zone.
3:31 of 1st period - Icing by Scott Hannan.
3:32 of 1st period - Michal Handzus wins face-off versus Marc Savard in Oilers zone.
3:52 of 1st period - Icing by Johnny Boychuk.
3:53 of 1st period - Stephen Weiss wins face-off versus Marc Savard in Sharks zone.
4:16 of 1st period - Shot by Stephen Weiss.
4:16 of 1st period - Shot Blocked by David Moss.
4:22 of 1st period - Shot by Roman Hamrlik.
4:22 of 1st period - Stopped by Brian Elliott with a rebound.
5:02 of 1st period - Shot by Alex Tanguay.
5:02 of 1st period - Shot Misses the Net.
5:15 of 1st period - Icing by Stephen Weiss.
5:16 of 1st period - Stephen Weiss wins face-off versus Eric Belanger in Oilers zone.
5:16 of 1st period - Stephen Weiss is hit by Ryan Malone.
5:19 of 1st period - Minor Penalty to Ryan Malone for Slashing.
5:20 of 1st period - Derek Roy wins face-off versus Mike Ribeiro in Sharks zone.
5:26 of 1st period - Derek Roy is hit by Francois Beauchemin and loses puck.
5:36 of 1st period - Icing by Derek Roy.
5:37 of 1st period - Mike Ribeiro wins face-off versus Derek Roy in Oilers zone.
5:43 of 1st period - Icing by Adrian Aucoin.
5:44 of 1st period - Eric Belanger wins face-off versus Derek Roy in Oilers zone.
6:15 of 1st period - Minor Penalty to Derek Roy for High sticking.
6:16 of 1st period - Mike Ribeiro wins face-off versus Dany Heatley in Oilers zone.
6:25 of 1st period - Shot by Mike Ribeiro.
6:25 of 1st period - Stopped by Kari Lehtonen without a rebound.
6:26 of 1st period - Jason Arnott wins face-off versus Michal Handzus in Oilers zone.
8:07 of 1st period - Chris Phillips is hit by Jason Arnott and loses puck.
8:17 of 1st period - Minor Penalty to Radek Dvorak for Slashing.
8:18 of 1st period - Scott Nichol wins face-off versus Mike Ribeiro in Oilers zone.
8:32 of 1st period - Minor Penalty to Michal Handzus for Slashing.
8:33 of 1st period - Stephen Weiss wins face-off versus Jason Arnott in Oilers zone.
9:46 of 1st period - Icing by Jason Arnott.
9:47 of 1st period - Jochen Hecht wins face-off versus Eric Belanger in Sharks zone.
10:29 of 1st period - Off-side.
10:30 of 1st period - Mike Ribeiro wins face-off versus Steve Sullivan in neutral zone.
12:12 of 1st period - Johan Franzen is hit by Adrian Aucoin and loses puck.
12:27 of 1st period - Off-side.
12:28 of 1st period - Scott Nichol wins face-off versus Marc Savard in neutral zone.
12:40 of 1st period - Shot by Fernando Pisani.
12:40 of 1st period - Stopped by Brian Elliott without a rebound.
12:41 of 1st period - Lauri Korpikoski wins face-off versus Michal Handzus in Sharks zone.
12:53 of 1st period - Brent Sopel is hit by Eric Belanger and loses puck.
13:16 of 1st period - Minor Penalty to Vladimir Sobotka for Hooking.
13:16 of 1st period - Minor Penalty to Brent Sopel for Interference.
13:17 of 1st period - Jason Arnott wins face-off versus Derek Roy in Oilers zone.
13:32 of 1st period - Shot by Derek Roy.
13:32 of 1st period - Stopped by Brian Elliott with a rebound.
13:36 of 1st period - Shot by Derek Roy.
13:36 of 1st period - Stopped by Brian Elliott without a rebound.
13:37 of 1st period - Mike Ribeiro wins face-off versus Stephen Weiss in Sharks zone.
13:42 of 1st period - Shot by Shane Doan.
13:42 of 1st period - Shot Misses the Net.
14:03 of 1st period - Icing by Francois Beauchemin.
14:04 of 1st period - Mike Ribeiro wins face-off versus Derek Roy in Sharks zone.
14:27 of 1st period - Shot by Andrew Ladd.
14:27 of 1st period - Stopped by Brian Elliott without a rebound.
14:28 of 1st period - Jason Arnott wins face-off versus Stephen Weiss in Sharks zone.
15:23 of 1st period - Icing by Scott Hannan.
15:24 of 1st period - Michal Handzus wins face-off versus Eric Belanger in Oilers zone.
16:05 of 1st period - Icing by Brent Sopel.
16:06 of 1st period - Marc Savard wins face-off versus Michal Handzus in Oilers zone.
16:06 of 1st period - Johnny Boychuk is hit by Brent Sopel and loses puck.
17:25 of 1st period - Shot by Jason Arnott.
17:25 of 1st period - Stopped by Kari Lehtonen with a rebound.
17:45 of 1st period - Shot by Lauri Korpikoski.
17:45 of 1st period - Shot Misses the Net.
17:47 of 1st period - Shot by Ryan Malone.
17:47 of 1st period - Shot Blocked by Brent Sopel.
17:49 of 1st period - Shot by Eric Belanger.
17:49 of 1st period - Stopped by Kari Lehtonen without a rebound.
17:50 of 1st period - Stephen Weiss wins face-off versus Ryan Malone in Oilers zone.
17:50 of 1st period - Stephen Weiss is hit by Shane Doan.
18:00 of 1st period - Shot by Shane Doan.
18:00 of 1st period - Shot Misses the Net.
18:14 of 1st period - Shot by Andrew Ladd.
18:14 of 1st period - Shot Blocked by Johnny Boychuk.
18:17 of 1st period - Icing by Johnny Boychuk.
18:18 of 1st period - Shane Doan wins face-off versus Scott Nichol in Sharks zone.
18:38 of 1st period - Minor Penalty to Matt Niskanen for Cross-checking.
18:39 of 1st period - Eric Belanger wins face-off versus Stephen Weiss in Sharks zone.
18:47 of 1st period - Icing by Stephen Weiss.
18:48 of 1st period - Eric Belanger wins face-off versus Stephen Weiss in Oilers zone.

Period #2

0:01 of 2nd period - Stephen Weiss wins face-off versus Mike Ribeiro in neutral zone.
0:20 of 2nd period - Stephen Weiss is hit by Bryan McCabe and loses puck.
0:33 of 2nd period - Shot by Andrew Ladd.
0:33 of 2nd period - Stopped by Brian Elliott without a rebound.
0:34 of 2nd period - Mike Ribeiro wins face-off versus Derek Roy in Sharks zone.
0:41 of 2nd period - Shot by Shane Doan.
0:41 of 2nd period - Stopped by Kari Lehtonen with a rebound.
0:45 of 2nd period - Shot by Vladimir Sobotka.
0:45 of 2nd period - Stopped by Kari Lehtonen without a rebound.
0:46 of 2nd period - Mike Ribeiro wins face-off versus Derek Roy in Oilers zone.
0:48 of 2nd period - Alex Tanguay is hit by Adrian Aucoin and loses puck.
0:53 of 2nd period - Shot by Alex Tanguay.
0:53 of 2nd period - Stopped by Kari Lehtonen without a rebound.
0:54 of 2nd period - Eric Belanger wins face-off versus Michal Handzus in Oilers zone.
0:55 of 2nd period - Shot by Ryan Malone.
0:55 of 2nd period - Stopped by Kari Lehtonen without a rebound.
0:56 of 2nd period - Scott Nichol wins face-off versus Jason Arnott in Oilers zone.
1:09 of 2nd period - Shot by Adam Burish.
1:09 of 2nd period - Stopped by Brian Elliott with a rebound.
1:13 of 2nd period - Shot by Fernando Pisani.
1:13 of 2nd period - Shot Misses the Net.
1:15 of 2nd period - Shot by Chris Phillips.
1:15 of 2nd period - Stopped by Brian Elliott without a rebound.
1:16 of 2nd period - Mike Ribeiro wins face-off versus Michal Handzus in Sharks zone.
2:31 of 2nd period - Shot by Eric Belanger.
2:31 of 2nd period - Stopped by Kari Lehtonen with a rebound.
2:51 of 2nd period - Shot by Eric Belanger.
2:51 of 2nd period - Stopped by Kari Lehtonen with a rebound.
3:28 of 2nd period - Icing by Andrew Ference.
3:29 of 2nd period - Adam Burish wins face-off versus Eric Belanger in Sharks zone.
4:06 of 2nd period - Icing by Mark Stuart.
4:07 of 2nd period - Eric Belanger wins face-off versus Derek Roy in Sharks zone.
5:37 of 2nd period - Minor Penalty to Vladimir Sobotka for Hooking.
5:38 of 2nd period - Johan Franzen wins face-off versus Jochen Hecht in Sharks zone.
5:53 of 2nd period - Shot by Adrian Aucoin.
5:53 of 2nd period - Shot Misses the Net.
5:57 of 2nd period - Shot by Derek Roy.
5:57 of 2nd period - Shot Misses the Net.
5:59 of 2nd period - Shot by Adrian Aucoin.
5:59 of 2nd period - Shot Misses the Net.
6:01 of 2nd period - Shot by Adrian Aucoin.
6:01 of 2nd period - Stopped by Brian Elliott without a rebound.
6:02 of 2nd period - Johan Franzen wins face-off versus Stephen Weiss in Sharks zone.
6:25 of 2nd period - Shot by Stephen Weiss.
6:25 of 2nd period - Shot Misses the Net.
7:09 of 2nd period - Icing by Karlis Skrastins.
7:10 of 2nd period - Eric Belanger wins face-off versus Derek Roy in Oilers zone.
7:45 of 2nd period - Shot by Radek Dvorak.
7:45 of 2nd period - Shot Misses the Net.
7:47 of 2nd period - Shot by Radek Dvorak.
7:47 of 2nd period - Shot Misses the Net.
8:26 of 2nd period - Minor Penalty to Marc Savard for Tripping.
8:27 of 2nd period - Stephen Weiss wins face-off versus Mike Ribeiro in Sharks zone.
8:44 of 2nd period - Shot by Dany Heatley.
8:44 of 2nd period - Stopped by Brian Elliott with a rebound.
9:00 of 2nd period - Shot by Roman Hamrlik.
9:00 of 2nd period - Stopped by Brian Elliott without a rebound.
9:01 of 2nd period - Steve Sullivan wins face-off versus Johan Franzen in Sharks zone.
9:08 of 2nd period - Shot by Adrian Aucoin.
9:08 of 2nd period - Deflect By Derek Roy.
9:08 of 2nd period - Shot Blocked by Lauri Korpikoski.
9:10 of 2nd period - Shot by Karlis Skrastins.
9:10 of 2nd period - Shot Misses the Net.
9:14 of 2nd period - Shot by Derek Roy.
9:14 of 2nd period - Stopped by Brian Elliott with a rebound.
9:16 of 2nd period - Shot by Jochen Hecht.
9:16 of 2nd period - Shot Misses the Net.
9:18 of 2nd period - Shot by Jochen Hecht.
9:18 of 2nd period - Stopped by Brian Elliott without a rebound.
9:19 of 2nd period - Mike Ribeiro wins face-off versus Derek Roy in Sharks zone.
9:32 of 2nd period - Shot by Adrian Aucoin.
9:32 of 2nd period - Stopped by Brian Elliott without a rebound.
9:33 of 2nd period - Stephen Weiss wins face-off versus Eric Belanger in Sharks zone.
9:43 of 2nd period - Icing by Stephen Weiss.
9:44 of 2nd period - Mike Ribeiro wins face-off versus Stephen Weiss in Oilers zone.
10:48 of 2nd period - Icing by Mark Stuart.
10:49 of 2nd period - Scott Nichol wins face-off versus Marc Savard in Sharks zone.
11:44 of 2nd period - Johan Franzen is hit by Scott Nichol and loses puck.
11:59 of 2nd period - Shot by Brent Sopel.
11:59 of 2nd period - Shot Blocked by Johan Franzen.
12:01 of 2nd period - Shot by Scott Hannan.
12:01 of 2nd period - Shot Blocked by Bryan McCabe.
12:03 of 2nd period - Shot by Michal Handzus.
12:03 of 2nd period - Shot Misses the Net.
12:32 of 2nd period - Shot by Michal Handzus.
12:32 of 2nd period - Stopped by Brian Elliott with a rebound.
13:08 of 2nd period - Shot by Mike Ribeiro.
13:08 of 2nd period - Deflect By Shane Doan.
13:08 of 2nd period - Stopped by Kari Lehtonen without a rebound.
13:09 of 2nd period - Eric Belanger wins face-off versus Derek Roy in Oilers zone.
13:10 of 2nd period - Shot by Ryan Malone.
13:10 of 2nd period - Shot Blocked by Karlis Skrastins.
13:14 of 2nd period - Shot by Lauri Korpikoski.
13:14 of 2nd period - Shot Misses the Net.
13:16 of 2nd period - Shot by Ryan Malone.
13:16 of 2nd period - Deflect By Eric Belanger.
13:16 of 2nd period - Shot Misses the Net.
14:36 of 2nd period - Shot by Vladimir Sobotka.
14:36 of 2nd period - Stopped by Kari Lehtonen with a rebound.
15:40 of 2nd period - Shot by Shane Doan.
15:40 of 2nd period - Stopped by Kari Lehtonen without a rebound.
15:41 of 2nd period - Jason Arnott wins face-off versus Scott Nichol in Oilers zone.
16:07 of 2nd period - Adam Burish is hit by Bryan McCabe and loses puck.
16:10 of 2nd period - Shot by Adrian Aucoin.
16:10 of 2nd period - Stopped by Brian Elliott without a rebound.
16:11 of 2nd period - Eric Belanger wins face-off versus Derek Roy in Sharks zone.
16:11 of 2nd period - Eric Belanger is hit by Jochen Hecht.
16:21 of 2nd period - Shot by Ryan Malone.
16:21 of 2nd period - Shot Blocked by Jochen Hecht.
16:24 of 2nd period - Icing by Adrian Aucoin.
16:25 of 2nd period - Marc Savard wins face-off versus Derek Roy in Oilers zone.
16:57 of 2nd period - Icing by Johnny Boychuk.
16:58 of 2nd period - Scott Nichol wins face-off versus Marc Savard in Sharks zone.
16:58 of 2nd period - Karlis Skrastins is hit by Matt Niskanen and loses puck.
17:47 of 2nd period - Minor Penalty to Scott Nichol for Tripping.
17:48 of 2nd period - Michal Handzus wins face-off versus Jason Arnott in Oilers zone.
17:48 of 2nd period - Michal Handzus is hit by Johan Franzen.
18:08 of 2nd period - Shot by Alex Tanguay.
18:08 of 2nd period - Stopped by Kari Lehtonen without a rebound.
18:09 of 2nd period - Mike Ribeiro wins face-off versus Michal Handzus in Oilers zone.
18:14 of 2nd period - Shot by Shane Doan.
18:14 of 2nd period - Stopped by Kari Lehtonen without a rebound.
18:15 of 2nd period - Mike Ribeiro wins face-off versus Michal Handzus in Oilers zone.
18:28 of 2nd period - Shot by Mike Ribeiro.
18:28 of 2nd period - Goal by Mike Ribeiro - Oilers : 0 - Sharks : 2.
18:29 of 2nd period - Michal Handzus wins face-off versus Jason Arnott in neutral zone.
18:41 of 2nd period - Minor Penalty to Bryan McCabe for High sticking.
18:42 of 2nd period - Eric Belanger wins face-off versus Stephen Weiss in Sharks zone.
19:16 of 2nd period - Shot by Stephen Weiss.
19:16 of 2nd period - Shot Blocked by Johnny Boychuk.
19:34 of 2nd period - Shot by Adrian Aucoin.
19:34 of 2nd period - Shot Misses the Net.
19:36 of 2nd period - Shot by Derek Roy.
19:36 of 2nd period - Shot Misses the Net.
19:38 of 2nd period - Shot by Steve Sullivan.
19:38 of 2nd period - Stopped by Brian Elliott without a rebound.
19:39 of 2nd period - Derek Roy wins face-off versus Eric Belanger in Sharks zone.

Period #3

0:01 of 3rd period - Stephen Weiss wins face-off versus Mike Ribeiro in neutral zone.
0:36 of 3rd period - Shot by Stephen Weiss.
0:36 of 3rd period - Stopped by Brian Elliott without a rebound.
0:37 of 3rd period - Eric Belanger wins face-off versus Derek Roy in Sharks zone.
0:58 of 3rd period - Shot by Michal Handzus.
0:58 of 3rd period - Stopped by Brian Elliott without a rebound.
0:59 of 3rd period - Eric Belanger wins face-off versus Derek Roy in Sharks zone.
1:06 of 3rd period - Shot by Ryan Malone.
1:06 of 3rd period - Deflect By Eric Belanger.
1:06 of 3rd period - Stopped by Kari Lehtonen without a rebound.
1:07 of 3rd period - David Moss wins face-off versus Adam Burish in Oilers zone.
1:21 of 3rd period - Shot by Adam Burish.
1:21 of 3rd period - Stopped by Brian Elliott with a rebound.
1:23 of 3rd period - Shot by Fernando Pisani.
1:23 of 3rd period - Goal by Fernando Pisani - Oilers : 1 - Sharks : 2.
1:24 of 3rd period - Jason Arnott wins face-off versus Michal Handzus in neutral zone.
1:36 of 3rd period - Johan Franzen is hit by Brent Sopel and loses puck.
1:47 of 3rd period - Shot by Johan Franzen.
1:47 of 3rd period - Shot Misses the Net.
1:49 of 3rd period - Shot by Alex Tanguay.
1:49 of 3rd period - Shot Blocked by Brent Sopel.
1:53 of 3rd period - Shot by Alex Tanguay.
1:53 of 3rd period - Goal by Alex Tanguay - Oilers : 1 - Sharks : 3.
1:54 of 3rd period - Stephen Weiss wins face-off versus Eric Belanger in neutral zone.
2:13 of 3rd period - Shot by Andrew Ladd.
2:13 of 3rd period - Shot Blocked by Francois Beauchemin.
2:17 of 3rd period - Shot by Dany Heatley.
2:17 of 3rd period - Stopped by Brian Elliott without a rebound.
2:18 of 3rd period - Marc Savard wins face-off versus Derek Roy in Sharks zone.
2:18 of 3rd period - Marc Savard is hit by Jochen Hecht.
2:19 of 3rd period - Minor Penalty to Derek Roy for Roughing.
2:20 of 3rd period - Mike Ribeiro wins face-off versus Scott Nichol in Oilers zone.
2:34 of 3rd period - Alex Tanguay is hit by Adrian Aucoin and loses puck.
3:41 of 3rd period - Bryan McCabe is hit by Scott Nichol and loses puck.
4:42 of 3rd period - Shot by David Moss.
4:42 of 3rd period - Shot Misses the Net.
4:46 of 3rd period - Shot by Vladimir Sobotka.
4:46 of 3rd period - Shot Hit the Post.
4:50 of 3rd period - Shot by Vladimir Sobotka.
4:50 of 3rd period - Stopped by Kari Lehtonen without a rebound.
4:51 of 3rd period - Jason Arnott wins face-off versus Dany Heatley in Oilers zone.
4:54 of 3rd period - Shot by Alex Tanguay.
4:54 of 3rd period - Stopped by Kari Lehtonen without a rebound.
4:55 of 3rd period - Eric Belanger wins face-off versus Stephen Weiss in Oilers zone.
4:55 of 3rd period - Ryan Malone is hit by Roman Hamrlik and loses puck.
5:14 of 3rd period - Shot by Stephen Weiss.
5:14 of 3rd period - Shot Misses the Net.
5:54 of 3rd period - Shot by Jason Arnott.
5:54 of 3rd period - Deflect By Alex Tanguay.
5:54 of 3rd period - Stopped by Kari Lehtonen without a rebound.
5:55 of 3rd period - Jason Arnott wins face-off versus Michal Handzus in Oilers zone.
6:00 of 3rd period - Shot by Alex Tanguay.
6:00 of 3rd period - Stopped by Kari Lehtonen without a rebound.
6:01 of 3rd period - Derek Roy wins face-off versus Marc Savard in Oilers zone.
6:01 of 3rd period - Derek Roy is hit by David Moss.
6:28 of 3rd period - Icing by Johnny Boychuk.
6:29 of 3rd period - Michal Handzus wins face-off versus Marc Savard in Sharks zone.
6:48 of 3rd period - Shot by Michal Handzus.
6:48 of 3rd period - Stopped by Brian Elliott without a rebound.
6:49 of 3rd period - Scott Nichol wins face-off versus Jason Arnott in Sharks zone.
7:09 of 3rd period - Shot by Adrian Aucoin.
7:09 of 3rd period - Goal by Adrian Aucoin - Oilers : 2 - Sharks : 3.
7:10 of 3rd period - Stephen Weiss wins face-off versus Mike Ribeiro in neutral zone.
7:10 of 3rd period - Andrew Ladd is hit by Shane Doan and loses puck.
7:19 of 3rd period - Shot by Dany Heatley.
7:19 of 3rd period - Shot Misses the Net.
7:23 of 3rd period - Shot by Dany Heatley.
7:23 of 3rd period - Goal by Dany Heatley - Oilers : 3 - Sharks : 3.
7:24 of 3rd period - Michal Handzus wins face-off versus Jason Arnott in neutral zone.
7:40 of 3rd period - Icing by Bryan McCabe.
7:41 of 3rd period - Jason Arnott wins face-off versus Scott Nichol in Sharks zone.
7:58 of 3rd period - Shot by Alex Tanguay.
7:58 of 3rd period - Goal by Alex Tanguay - Oilers : 3 - Sharks : 4.
7:59 of 3rd period - Eric Belanger wins face-off versus Michal Handzus in neutral zone.
8:02 of 3rd period - Shot by Lauri Korpikoski.
8:02 of 3rd period - Stopped by Kari Lehtonen with a rebound.
8:05 of 3rd period - Icing by Brent Sopel.
8:06 of 3rd period - Marc Savard wins face-off versus Michal Handzus in Oilers zone.
8:20 of 3rd period - Double Minor Penalty to Vladimir Sobotka for Roughing.
8:21 of 3rd period - Stephen Weiss wins face-off versus Mike Ribeiro in Sharks zone.
8:31 of 3rd period - Icing by Stephen Weiss.
8:32 of 3rd period - Eric Belanger wins face-off versus Stephen Weiss in Oilers zone.
10:52 of 3rd period - Shot by Adrian Aucoin.
10:52 of 3rd period - Stopped by Brian Elliott with a rebound.
10:54 of 3rd period - Shot by Karlis Skrastins.
10:54 of 3rd period - Goal by Karlis Skrastins - Oilers : 4 - Sharks : 4.
10:55 of 3rd period - Marc Savard wins face-off versus Scott Nichol in neutral zone.
11:04 of 3rd period - Shot by Marc Savard.
11:04 of 3rd period - Deflect By Vladimir Sobotka.
11:04 of 3rd period - Stopped by Kari Lehtonen without a rebound.
11:05 of 3rd period - Jason Arnott wins face-off versus Michal Handzus in Oilers zone.
12:08 of 3rd period - Minor Penalty to Ryan Malone for Holding Stick.
12:09 of 3rd period - Mike Ribeiro wins face-off versus Dany Heatley in Sharks zone.
12:27 of 3rd period - Icing by Dany Heatley.
12:28 of 3rd period - Stephen Weiss wins face-off versus Mike Ribeiro in Oilers zone.
12:28 of 3rd period - Stephen Weiss is hit by Shane Doan.
13:22 of 3rd period - Icing by Adrian Aucoin.
13:23 of 3rd period - Eric Belanger wins face-off versus Derek Roy in Oilers zone.
13:23 of 3rd period - Eric Belanger is hit by Adrian Aucoin.
14:01 of 3rd period - Shot by Andrew Ladd.
14:01 of 3rd period - Shot Blocked by Shane Doan.
14:03 of 3rd period - Shot by Stephen Weiss.
14:03 of 3rd period - Shot Misses the Net.
14:24 of 3rd period - Shot by Vladimir Sobotka.
14:24 of 3rd period - Deflect By Marc Savard.
14:24 of 3rd period - Stopped by Kari Lehtonen without a rebound.
14:25 of 3rd period - Alex Tanguay wins face-off versus Scott Nichol in Oilers zone.
14:30 of 3rd period - Shot by Alex Tanguay.
14:30 of 3rd period - Shot Hit the Post.
14:47 of 3rd period - Off-side.
14:48 of 3rd period - Michal Handzus wins face-off versus Eric Belanger in neutral zone.
15:13 of 3rd period - Shot by Steve Sullivan.
15:13 of 3rd period - Stopped by Brian Elliott without a rebound.
15:14 of 3rd period - Jason Arnott wins face-off versus Derek Roy in Sharks zone.
15:20 of 3rd period - Shot by Derek Roy.
15:20 of 3rd period - Shot Blocked by Johan Franzen.
15:22 of 3rd period - Shot by Michal Handzus.
15:22 of 3rd period - Shot Blocked by Andrew Ference.
15:32 of 3rd period - Shot by Jochen Hecht.
15:32 of 3rd period - Deflect By Derek Roy.
15:32 of 3rd period - Stopped by Brian Elliott without a rebound.
15:33 of 3rd period - Marc Savard wins face-off versus Stephen Weiss in Sharks zone.
15:44 of 3rd period - Marc Savard is hit by Dany Heatley and loses puck.
15:53 of 3rd period - Shot by Stephen Weiss.
15:53 of 3rd period - Shot Misses the Net.
16:14 of 3rd period - Icing by Matt Niskanen.
16:15 of 3rd period - Marc Savard wins face-off versus Derek Roy in Sharks zone.
16:38 of 3rd period - Minor Penalty to Mark Stuart for Hooking.
16:39 of 3rd period - Eric Belanger wins face-off versus Derek Roy in Sharks zone.
17:07 of 3rd period - Shot by Derek Roy.
17:07 of 3rd period - Shot Misses the Net.
17:33 of 3rd period - Shot by Stephen Weiss.
17:33 of 3rd period - Deflect By Andrew Ladd.
17:33 of 3rd period - Stopped by Brian Elliott without a rebound.
17:34 of 3rd period - Stephen Weiss wins face-off versus Eric Belanger in Sharks zone.
17:34 of 3rd period - Andrew Ladd is hit by Andrew Ference and loses puck.
17:37 of 3rd period - Shot by Brent Sopel.
17:37 of 3rd period - Stopped by Brian Elliott with a rebound.
17:41 of 3rd period - Shot by Andrew Ladd.
17:41 of 3rd period - Deflect By Dany Heatley.
17:41 of 3rd period - Stopped by Brian Elliott with a rebound.
17:43 of 3rd period - Shot by Brent Sopel.
17:43 of 3rd period - Stopped by Brian Elliott without a rebound.
17:44 of 3rd period - Mike Ribeiro wins face-off versus Stephen Weiss in Sharks zone.
17:59 of 3rd period - Shot by Mike Ribeiro.
17:59 of 3rd period - Shot Blocked by Andrew Ladd.
18:11 of 3rd period - Shot by Stephen Weiss.
18:11 of 3rd period - Deflect By Andrew Ladd.
18:11 of 3rd period - Shot Misses the Net.
18:43 of 3rd period - Shot by Jochen Hecht.
18:43 of 3rd period - Deflect By Derek Roy.
18:43 of 3rd period - Stopped by Brian Elliott without a rebound.
18:44 of 3rd period - Jason Arnott wins face-off versus Derek Roy in Sharks zone.
18:44 of 3rd period - Jason Arnott is hit by Derek Roy.
19:33 of 3rd period - Icing by Bryan McCabe.
19:34 of 3rd period - Michal Handzus wins face-off versus Jason Arnott in Sharks zone.
19:48 of 3rd period - Minor Penalty to Ryan Malone for Roughing.
19:49 of 3rd period - Stephen Weiss wins face-off versus Mike Ribeiro in Sharks zone.

Overtime #1

0:01 of 1st overtime period - Mike Ribeiro wins face-off versus Stephen Weiss in neutral zone.
0:11 of 1st overtime period - Dany Heatley is hit by Mark Stuart and loses puck.
0:14 of 1st overtime period - Shot by Stephen Weiss.
0:14 of 1st overtime period - Shot Blocked by Mark Stuart.
0:16 of 1st overtime period - Shot by Chris Phillips.
0:16 of 1st overtime period - Stopped by Brian Elliott with a rebound.
0:18 of 1st overtime period - Shot by Stephen Weiss.
0:18 of 1st overtime period - Stopped by Brian Elliott without a rebound.
0:19 of 1st overtime period - Derek Roy wins face-off versus Mike Ribeiro in Sharks zone.
0:35 of 1st overtime period - Icing by Andrew Ladd.
0:36 of 1st overtime period - Eric Belanger wins face-off versus Derek Roy in Oilers zone.
0:44 of 1st overtime period - Icing by Derek Roy.
0:45 of 1st overtime period - Derek Roy wins face-off versus Mike Ribeiro in Oilers zone.
0:53 of 1st overtime period - Off-side.
0:54 of 1st overtime period - Eric Belanger wins face-off versus Stephen Weiss in neutral zone.
1:30 of 1st overtime period - Shot by Stephen Weiss.
1:30 of 1st overtime period - Goal by Stephen Weiss - Oilers : 5 - Sharks : 4.


Output by the SimonT Hockey Simulator (STHS) for Stephane Roy -- Original Page W3C XHTML 1.0 Valid